 Dungeon Crawl Stone Soup version 0.32-a0-999-gfa1cc04b1d (webtiles) character file.

Game seed: 11182136276977758704

35 Cancer the Sneak (level 3, -1/26 HPs)
             Began as an Octopode Delver on Apr 24, 2024.
             Slain by an orc wizard
             ... wielding a +0 dagger
              (4 damage)
             ... on level 3 of the Dungeon.
             The game lasted 00:01:31 (419 turns).

Cancer the Sneak (Octopode Delver)                   Turns: 419, Time: 00:01:32

Health: -1/26      AC:  1    Str: 13    XL:     3   Next: 33%
Magic:  3/3        EV: 12    Int: 12    God:
Gold:   68         SH:  0    Dex: 13    Spells: 2/2 levels left

rFire   . . .        f - +2 hand axe (elec)
rCold   . . .        (no shield)
rNeg    . . .        (helmet restricted)
rPois   .            (no amulet)
rElec   .            (no ring)
rCorr   .            (no ring)
SInv    .            (no ring)
Will    .....        (no ring)
Stlth   ++++         (no ring)
HPRegen 0.24/turn    (no ring)
MPRegen 0.08/turn    (no ring)
                     (no ring)

%: no passive effects
@: no status effects
A: almost no armour, amphibious, 8 rings, camouflage 1, gelatinous body 1,
(nimble swimmer 1), tentacles
a: Convert to Beogh


You were on level 3 of the Dungeon.
You visited 1 branch of the dungeon, and saw 3 of its levels.

You collected 68 gold pieces.

Inventory:

Hand Weapons
 f - a +2 hand axe of electrocution (weapon)
Talismans
 h - a flux talisman
Wands
 e - a wand of digging (3)
Scrolls
 a - 2 scrolls of fog
 b - a scroll of revelation
 c - a scroll of fear
 j - a scroll of teleportation {unknown}
 k - a scroll of identify {unknown}
Potions
 d - a potion of haste
 g - a potion of ambrosia {unknown}
 i - a potion of resistance {unknown}
 l - a potion of cancellation {unknown}


   Skills:
 - Level 3.0 Fighting
 - Level 2.0 Dodging
 - Level 6.6 Stealth
 - Level 3.0 Unarmed Combat
 + Level 1.6 Shapeshifting


You had 2 spell levels left.
You didn't know any spells.
Your spell library contained the following spells:

 Spells                   Type           Power      Damage    Failure   Level
 Necrotise                Necr           0%         1d4       32%         1
 Vampiric Draining        Necr           0%         2d6       69%         3
 Martyr's Knell           Necr/Summ      0%         N/A       97%         4
 Curse of Agony           Necr           0%         N/A       100%        5


Dungeon Overview and Level Annotations

Branches:
Dungeon (5/15)
 Temple: D:4-7

Altars:


Innate Abilities, Weirdness & Mutations

You cannot wear most types of armour.
You are amphibious.
You can wear up to eight rings at the same time.
Your skin changes colour to match your surroundings (Stealth+).
Your rubbery body absorbs attacks. (AC +1, EV +1)
((You are camouflaged when in or above water. (Stealth+)))
You have tentacles for arms and can constrict up to eight enemies at once.


Message History

An orc priest comes into view. It is wielding a +0 hand axe.
The quokka completely misses you.
There are monsters nearby!
You closely miss the quokka.
The orc priest shouts!
Your grab misses the quokka. You hit the frilled lizard.
You kill the frilled lizard!
You hear a shout! x2
The quokka completely misses you.
There are monsters nearby!
Unknown command.
Unknown command.
The quokka barely misses you.
The orc wizard points at you and mumbles some strange words.
You are confused.
You're too confused to move!
The quokka barely misses you. The orc wizard misses you.
The quokka barely misses you.
You bump into the rock wall.
The quokka closely misses you. The orc wizard barely misses you.
The quokka bites you. The hobgoblin barely misses you.
You barely miss the hobgoblin. You hit the quokka but do no damage.
You hit the orc wizard but do no damage.
The quokka bites you. The hobgoblin hits you. The quokka bites you.
The hobgoblin barely misses you.
The orc priest shouts, "Beogh offers mercy even to people such as you.
Join us and be reborn!" (press Y on the ability menu to convert to Beogh)
The orc wizard points at you and mumbles some strange words.
The puff of flame hits you!
* * * LOW HITPOINT WARNING * * *
The orc priest attacks as it pursues you!
The orc priest hits you with a +0 hand axe.
* * * LOW HITPOINT WARNING * * *
You miss the orc priest. Your squeeze misses the orc priest.
You hit the hobgoblin. You barely miss the quokka.
You feel less confused. The quokka bites you.
* * * LOW HITPOINT WARNING * * *
The orc priest completely misses you. The hobgoblin barely misses you.
The orc wizard hits you with a +0 dagger.
You die...

#...# #...################
### #...........>.......
#... #...#######...######
....## #...# ##...#
......##...# #....#
........†g.## ##....# ###
#.###†..r@.####...### ....
.....$...oo...##.#.###.....
.#.##..#...#.....#.........
#.####....$..#..##..... #.
####.......# ### ..
####....# o# #....# .#
#..........# ####.##...>...


You could see an orc priest, an orc wizard, a quokka and a hobgoblin.

Vanquished Creatures
  2 adders (D:4)
  2 orcs
  2 ball pythons (D:4)
  An endoplasm (D:3)
  2 hobgoblins (D:4)
  2 jackals (D:3)
  2 kobolds (D:4)
  A frilled lizard (D:3)
14 creatures vanquished.

Notes
Turn   | Place    | Note
-------+----------+-------------------------------------------
     0 | D:5      | Cancer the Octopode Delver began the quest for the Orb.
     0 | D:5      | Reached XP level 1. HP: 16/16 MP: 1/1
    18 | D:5      | Noticed an iguana
    51 | D:5      | Noticed an orc wizard
   112 | D:4      | Reached XP level 2. HP: 20/21 MP: 2/2
   376 | D:4      | Reached skill level 1 in Shapeshifting
   376 | D:4      | Reached XP level 3. HP: 24/26 MP: 3/3
   419 | D:3      | Slain by an orc wizard

Illustrated notes

Levels and vault maps discovered:
D:3:      layout_rooms, roderic_batcave
D:4:      layout_layer_cave, serial_shops, nicolae_book_shop_shelving
D:5:      layout_basic, amethyst_overflow_temple_binary, lightli_minifort,
          uniq_pikel, uniq_blork_the_orc

Skill      XL: |  1  2 |
---------------+-------+-----
Unarmed Combat | 3 |  3.0
Shapeshifting  | 1 |  1.6
Fighting       | |  3.0
Dodging        | |  2.0
Stealth        | |  6.6

Action                     || total
---------------------------++-------
  Melee: Hand axe          ||    23
         Tentacles         ||     4
         Unarmed           ||     2
         Constrict         ||     4
         Punch             ||     1
   Stab: Sleeping          ||     4
 Armour: Skin              ||    23
  Dodge: Dodged            ||    21

Table legend: (Time is in decaauts)
 A = Elapsed time spent in this place.
 B = Non-inter-level travel time spent in this place.
 C = Inter-level travel time spent in this place.
 D = Time resting spent in this place.
 E = Time spent auto-exploring this place.
 F = Levels seen in this place.
 G = Mean time per level.
                   A        B        C        D        E       F      G
               +--------+--------+--------+--------+--------+-----+--------+
         Total |    424 |    420 |      4 |      0 |    214 |   3 |  141.3 |
       Dungeon |    424 |    420 |      4 |      0 |    214 |   3 |  141.3 |
               +--------+--------+--------+--------+--------+-----+--------+

Top non-repeatable levels by time:
     D:4: 324 daAuts
     D:5: 60 daAuts
     D:3: 39 daAuts
